 Dungeon Crawl Stone Soup version 0.30.1-3-gfc49f6343a (webtiles) character file.

Game seed: 14046042364241503345

39 Arctor the Firebug (level 3, -13/19 HPs)
             Began as a Gargoyle Fire Elementalist on July 24, 2023.
             Killed by divine providence
             ... invoked by an orc priest
              (17 damage)
             ... on level 2 of the Dungeon.
             The game lasted 00:01:26 (1505 turns).

Arctor the Firebug (Gargoyle Fire Elementalist)     Turns: 1505, Time: 00:01:27

Health: -13/19     AC:  5    Str: 11    XL:     3   Next: 45%
Magic:  4/6        EV: 12    Int: 17    God:
Gold:   57         SH:  0    Dex: 10    Spells: 5/6 levels left

rFire   . . .        (no weapon)
rCold   . . .        (no shield)
rNeg    + . .        a - +0 robe
rPois   ∞            (no helmet)
rElec   +            (no cloak)
rCorr   .            (no gloves)
SInv    .            (no boots)
Will    .....        (no amulet)
Stlth   ++           (no ring)
HPRegen 0.23/turn    (no ring)
MPRegen 0.10/turn

%: no passive effects
@: no status effects
A: sickness immunity, AC +3, negative energy resistance 1, electricity
resistance, torment resistance 1, petrification resistance
a: no special abilities


You were on level 2 of the Dungeon.
You visited 1 branch of the dungeon, and saw 2 of its levels.

You collected 57 gold pieces.

Inventory:

Armour
 a - a +0 robe (worn)
Scrolls
 h - 2 scrolls of identify {unknown}
 i - a scroll of noise {unknown}
Potions
 b - a potion of magic
 c - a potion of attraction {unknown}
 d - 2 potions of degeneration {unknown}
 e - a potion of invisibility {unknown}
 g - a potion of flight {unknown}


   Skills:
 + Level 1.9 Dodging
 + Level 2.8 Stealth
 + Level 2.3 Spellcasting
 + Level 1.7 Conjurations
 + Level 3.3 Fire Magic


You had 5 spell levels left.
You knew the following spells:

 Your Spells              Type           Power      Damage    Failure   Level
a - Foxfire               Conj/Fire      40%        2x1d6     7%          1

Your spell library contained the following spells:

 Spells                   Type           Power      Damage    Failure   Level
 Scorch                   Fire           26%        2d6       8%          2
 Inner Flame              Hex/Fire       7%         N/A       28%         3
 Volatile Blastmotes      Fire/Tloc      14%        2d11      28%         3
 Ignite Poison            Fire/Tmut/Pois 5%         N/A       34%         3
 Flame Wave               Conj/Fire      10%        2d6       54%         4
 Freezing Cloud           Conj/Ice/Air   2%         6-21      99%         5
 Cigotuvi's Dreadful Rot  Necr/Pois/Air  Unusable   N/A       N/A         2

Dungeon Overview and Level Annotations

Branches:
Dungeon (2/15)

Altars:


Innate Abilities, Weirdness & Mutations

You are immune to sickness and miasma.
Your stone body is resilient. (AC +3)
You are immune to poison.
You resist negative energy. (rN+)
You are resistant to electric shocks. (rElec)
You are resistant to unholy torment.
You are immune to petrification.


Message History

Sorry, you're not good enough to have a special ability.
The foxfire hits the endoplasm.
You kill the endoplasm!
Casting: Foxfire (safe; 7% risk of failure)
Confirm with . or Enter, or press ? or * to list all spells.
You conjure some foxfire!
An endoplasm comes into view.
The foxfire hits the endoplasm.
The endoplasm is heavily wounded.
Casting: Foxfire (safe; 7% risk of failure)
Confirm with . or Enter, or press ? or * to list all spells.
You conjure some foxfire!
The foxfire hits the endoplasm.
You kill the endoplasm!
Sorry, you're not good enough to have a special ability.
Casting: Foxfire (safe; 7% risk of failure)
Confirm with . or Enter, or press ? or * to list all spells.
You don't have enough magic to cast this spell.
Your foxfire dissipates!
An orc priest, an orc wizard and 3 orcs come into view.
There are monsters nearby!
There are monsters nearby!
Casting: Foxfire (safe; 7% risk of failure)
Confirm with . or Enter, or press ? or * to list all spells.
You conjure some foxfire!
The orc wizard shouts!
The orc shouts!
An orc comes into view. It is wielding a +0 dagger.
The orc priest begins to cast a cantrip, but forgets the words!
The foxfire hits the orc.
The orc is severely wounded.
The orc priest calls down the wrath of Beogh upon you.
Beogh smites you!
Ouch! That really hurt!
* * * LOW HITPOINT WARNING * * *
Casting: Foxfire (safe; 7% risk of failure)
Confirm with . or Enter, or press ? or * to list all spells.
You conjure some foxfire!
The orc priest invokes the aid of Beogh against you.
Beogh smites you!
Ouch! That really hurt!
You die...

,,,,**,,,*.#*,*****#######.#..,.,
*******>,,,..,,,,,,,..# #.#.#.#*
****,#.#**#####.# #.#.#.#
#,#...,,..##.# #.....#
*****#.#.#.**#.##.######.###
**,,,,......###.##...# #.#
*,,***###§§§.......#.####.#
*,*,,,§§v...v§#.##.#......#
*,,,**#######@#.##.########*
*,,***o.o..ov.#.##.........*
*,,**,.#..o#..#.##########.*
*,,*,,....,.....# *,*
*,,*⌠,o..,......# *,*
**,*,,..,.......# *,*
*,**,.*...#..#.#*********,*
*,***,.......#..,,,,,,,,,,*
*,,*********,**************


You could see an orc priest, an orc wizard (ally target) and 3 orcs.

Vanquished Creatures
  A dart slug (D:1)
  A worm (D:2)
  4 endoplasms (D:2)
  2 giant cockroaches (D:1)
  5 goblins (D:1)
  4 hobgoblins (D:1)
  4 ball pythons
  4 bats
  A frilled lizard (D:1)
  2 rats (D:1)
28 creatures vanquished.

Vanquished Creatures (collateral kills)
  A quokka (D:2)
1 creature vanquished.

Vanquished Creatures (others)
  100 foxfires
100 creatures vanquished.

Grand Total: 129 creatures vanquished

Notes
Turn   | Place    | Note
-------+----------+-------------------------------------------
     0 | D:1      | Arctor the Gargoyle Fire Elementalist began the quest for
                  | the Orb.
     0 | D:1      | Reached XP level 1. HP: 10/10 MP: 3/3
   255 | D:1      | Reached XP level 2. HP: 15/15 MP: 0/5
   795 | D:1      | Reached XP level 3. HP: 13/19 MP: 1/6
  1505 | D:2      | Killed from afar by an orc priest

Illustrated notes

Levels and vault maps discovered:
D:1:      sevenhm_arrival_forest_fort_large_3, layout_basic,
          corexii_corridor_pit, minmay_crystal_room,
          chequers_serial_rivers_micro_c, chequers_decorated_corner,
          chequers_serial_rivers_micro_e
D:2:      cheibrodos_pilgrimage, layout_basic, feat_on_display, uniq_natasha,
          uniq_jessica

Action                     || total
---------------------------++-------
  Melee: Unarmed           ||    22
   Cast: Foxfire           ||    62
    Use: Scroll            ||     3
 Armour: Robe              ||     9
  Dodge: Dodged            ||    19
